 Dungeon Crawl Stone Soup version 0.30.1-11-g7821555f0a (webtiles) character file.

Game seed: 11293424578905735619

1290 porpoise the Firebug (level 8, -1/57 HPs)
             Began as a Purple Draconian Fire Elementalist on Dec 10, 2023.
             Was a Follower of Sif Muna.
             Slain by a yak (7 damage)
             ... on level 6 of the Dungeon on Dec 11, 2023.
             The game lasted 00:26:19 (7675 turns).

porpoise the Firebug (DrFE)                         Turns: 7675, Time: 00:26:20

Health: -1/57      AC: 14    Str: 10    XL:     8   Next: 30%
Magic:  3/12       EV: 12    Int: 19    God:    Sif Muna [*.....]
Gold:   297        SH:  0    Dex: 11    Spells: 3/13 levels left

rFire   . . .        a - +0 dagger
rCold   . . .        (no shield)
rNeg    + . .        (body armour unavailable)
rPois   .            (helmet restricted)
rElec   .            F - +1 cloak
rCorr   .            i - +2 pair of gloves
SInv    .            e - +2 pair of boots of Upiose {rN+ Will+}
Will    ++...        (no amulet)
Stlth   ++           (no ring)
HPRegen 0.29/turn    (no ring)
MPRegen 0.13/turn

%: no passive effects
@: very slightly contaminated
A: breathe power, AC +6, unfitting armour, cold-blooded
a: Breathe Dispelling Energy, Renounce Religion, Channel Magic


You were on level 6 of the Dungeon.
You worshipped Sif Muna.
Sif Muna was aware of your devotion.
You visited 2 branches of the dungeon, and saw 7 of its levels.

You collected 297 gold pieces.

Inventory:

Hand Weapons
 a - a +0 dagger (weapon)
Missiles
 b - 10 boomerangs
 f - 7 poisoned darts
 u - a throwing net
Armour
 e - the +2 pair of boots of Upiose (worn) {rN+ Will+}
   (You acquired it on level 6 of the Dungeon)

   rN:        It protects you from negative energy.
   Will:      It increases your willpower.
 i - a +2 pair of gloves (worn)
 j - an orb of energy
 F - a +1 cloak (worn)
Wands
 z - a wand of polymorph (11)
Scrolls
 c - a scroll of noise
 d - a scroll of teleportation
 h - 3 scrolls of magic mapping
 l - a scroll of blinking
 p - a scroll of poison
 v - a scroll of fog {unknown}
 x - 3 scrolls of vulnerability
 y - a scroll of silence {unknown}
 E - a scroll of fear {unknown}
Potions
 g - 2 potions of brilliance
 k - 2 potions of heal wounds
 m - 2 potions of magic
 n - a potion of mutation
 o - 2 potions of curing
 t - 2 potions of invisibility
 w - a potion of might
 A - a potion of degeneration {unknown}
 B - a potion of haste {unknown}
 C - a potion of attraction {unknown}
 D - 2 potions of lignification {unknown}


   Skills:
 - Level 1.7 Dodging
 - Level 1.7 Stealth
 * Level 3.1 Spellcasting
 * Level 5.5 Conjurations
 - Level 5.0 Translocations
 * Level 6.3 Fire Magic
 + Level 2.9 Invocations


You had 3 spell levels left.
You knew the following spells:

 Your Spells              Type           Power      Damage    Failure   Level
a - Foxfire               Conj/Fire      100%       2x1d9     1%          1
b - Scorch                Fire           54%        2d7       1%          2
c - Volatile Blastmotes   Fire/Tloc      48%        2d14      4%          3
d - Flame Wave            Conj/Fire      25%        2d8       13%         4

Your spell library contained the following spells:

 Spells                   Type           Power      Damage    Failure   Level
 Lesser Beckoning         Tloc           42%        N/A       3%          2
 Gell's Gravitas          Tloc           21%        N/A       6%          3
 Teleport Other           Tloc           21%        N/A       6%          3
 Inner Flame              Hex/Fire       15%        N/A       12%         3
 Stone Arrow              Conj/Erth      26%        3d8       14%         3
 Sandblast                Erth           4%         2d4       16%         1
 Passwall                 Tmut/Erth      1%         N/A       22%         2
 Sublimation of Blood     Necr           2%         N/A       22%         2
 Irradiate                Conj/Tmut      6%         3d13      80%         5
 Petrify                  Tmut/Erth      2%         N/A       83%         4


Dungeon Overview and Level Annotations

Branches:
Dungeon (6/15)             Temple (1/1) D:5

Altars:
Cheibriados
Dithmenos
Elyvilon
Hepliaklqana
Kikubaaqudgha
Makhleb
Nemelex Xobeh
Qazlal
Ru
Sif Muna
Uskayaw
Vehumet
Xom
Yredelemnul
The Shining One

Shops:
D:3 (   D:4 =

Annotations:
D:1 exclusion: downstairs
D:2 exclusion: upstairs
D:4 3 runed translucent doors, Liamsmithers's ghost, amateur DsGl


Innate Abilities, Weirdness & Mutations

You can breathe bolts of dispelling energy.
Your rich purple scales are hard. (AC +6)
You cannot fit into any form of body armour.
You are cold-blooded and may be slowed by cold attacks.


Message History

Casting: Foxfire (safe; 1% risk of failure)
Confirm with . or Enter, or press ? or * to list all spells.
Flames lash the yak.
The yak is moderately wounded.
The yak's fire resistance burns away.
The foxfire hits the yak.
The yak is moderately wounded.
The foxfire hits the yak!
The yak is burned terribly!
The yak is heavily wounded.
The yak gores you but does no damage.
You feel much better.
The yak is no longer more vulnerable to fire.
The yak gores you! The yak misses you.
Casting: Scorch (safe; 1% risk of failure)
Confirm with . or Enter, or press ? or * to list all spells.
Flames lash the yak.
The yak is heavily wounded.
The yak's fire resistance burns away.
The yak barely misses you. The yak gores you but does no damage.
The yak barely misses you.
Casting: Scorch (safe; 1% risk of failure)
Confirm with . or Enter, or press ? or * to list all spells.
You miscast Foxfire.
You are very lightly contaminated with residual magic.
Nothing appears to happen.
The yak is no longer more vulnerable to fire.
The yak gores you. The yak gores you! The yak gores you but does no damage.
Casting: Foxfire (safe; 1% risk of failure)
Confirm with . or Enter, or press ? or * to list all spells.
Flames lash the yak.
The yak is heavily wounded.
The yak's fire resistance burns away.
The yak gores you. x2
* * * LOW HITPOINT WARNING * * *
The yak barely misses you.
Casting: Scorch (safe; 1% risk of failure)
Confirm with . or Enter, or press ? or * to list all spells.
Flames lash the yak.
The yak is burned terribly!
The yak is almost dead.
The yak gores you!
* * * LOW HITPOINT WARNING * * *
The yak gores you!
You die...

....#.###...........#...
.... .#...........#...
.. .......##...#..... #.
##.....##..##..... ##..
##........##....#
#...####.............##
#.....................
#...YY##.#............
#...@YY...........#..
##.####.#............
########...##.......
#....#.#Y.####.##..#
###.........# .# ..#
##.......##..### .#....
#........##....##...f..
#............#.........
.............#.........


You could see 4 yaks.

Vanquished Creatures
  Grinder (D:3)
  A black bear (D:5)
  2 ogres
  A phantom (D:5)
  2 scorpions (D:5)
  4 killer bees (D:5)
  A hound (D:4)
  2 jellies
  3 iguanas
  A sleepcap (D:4)
  10 gnolls
  9 adders
  An ufetubus (D:5)
  2 worms
  5 dart slugs
  7 orcs
  7 ball pythons
  4 bats
  4 endoplasms
  A giant cockroach (D:2)
  6 hobgoblins
  3 jackals (D:4)
  7 quokkas
  2 frilled lizards
  8 goblins
  5 kobolds
  4 rats
103 creatures vanquished.

Vanquished Creatures (collateral kills)
  5 foxfires (D:2)
5 creatures vanquished.

Vanquished Creatures (others)
  296 foxfires
296 creatures vanquished.

Grand Total: 404 creatures vanquished

Notes
Turn   | Place    | Note
-------+----------+-------------------------------------------
     0 | D:1      | porpoise the Draconian Fire Elementalist began the quest
                  | for the Orb.
     0 | D:1      | Reached XP level 1. HP: 14/14 MP: 3/3
   608 | D:1      | Reached XP level 2. HP: 20/20 MP: 3/5
  1264 | D:2      | Found a faded altar of an unknown god.
  1434 | D:1      | Reached XP level 3. HP: 21/26 MP: 2/6
  1470 | D:1      | Learned a level 2 spell: Scorch
  1474 | D:1      | Learned a level 3 spell: Volatile Blastmotes
  1743 | D:2      | Reached skill level 1 in Translocations
  1743 | D:2      | Reached XP level 4. HP: 33/33 MP: 3/7
  2125 | D:2      | Found a snail-covered altar of Cheibriados.
  2151 | D:2      | Reached skill level 4 in Fire Magic
  3138 | D:3      | Found Zumep's Weapon Shoppe.
  3288 | D:3      | Reached XP level 5. HP: 38/38 MP: 3/8
  3889 | D:3      | Noticed Grinder
  3906 | D:3      | Killed Grinder
  3907 | D:3      | Reached XP level 6. HP: 42/45 MP: 2/9
  4290 | D:3      | Found a shimmering blue altar of Sif Muna.
  4297 | D:3      | Became a worshipper of Sif Muna the Loreminder
  4548 | D:3      | Found a sparkling altar of Nemelex Xobeh.
  4820 | D:4      | Reached skill level 5 in Fire Magic
  5009 | D:4      | Found Recaemuff's Jewellery Shop.
  5142 | D:4      | Reached skill level 1 in Invocations
  5142 | D:4      | Your scales start taking on a rich purple colour.
  5142 | D:4      | Reached XP level 7. HP: 45/50 MP: 4/11
  5224 | D:4      | Learned a level 4 spell: Flame Wave
  5393 | D:4      | Found a sacrificial altar of Ru.
  5414 | D:4      | Reached * piety under Sif Muna
  5884 | D:4      | Found a runed translucent gate.
  5885 | D:4      | Found a runed translucent gate.
  5886 | D:4      | Found a runed translucent gate.
  5886 | D:4      | Noticed Liamsmithers's ghost (amateur DsGl)
  6007 | D:5      | Entered Level 5 of the Dungeon
  6023 | D:5      | Found a staircase to the Ecumenical Temple.
  6028 | Temple   | Entered the Ecumenical Temple
  6646 | D:5      | Reached skill level 5 in Conjurations
  6935 | D:5      | Reached XP level 8. HP: 47/57 MP: 7/12
  6941 | D:5      | Reached skill level 6 in Fire Magic
  7325 | D:5      | Reached skill level 5 in Translocations
  7451 | D:6      | Identified a scroll of acquirement
  7451 | D:6      | Acquired the +2 pair of boots of Upiose {rN+ Will+}
  7675 | D:6      | Slain by a yak

Illustrated notes

Levels and vault maps discovered:
D:1:      lordsloth_arrival_two_stooges, layout_loops_corners, minivault_27
D:2:      wad_woods_stonehenge, layout_loops_ring, nicolae_ecumenical_oubliette,
          minmay_diced_spiral
D:3:      layout_loops_corners, nicolae_sif_muna_little_library,
          nemelex_dance_club_becter, serial_shops,
          nicolae_shop_pleasant_corner_grove, uniq_grinder
D:4:      layout_basic, hangedman_ru_absence, serial_shops, shop,
          gammafunk_ghost_nasty_kobolds
D:5:      layout_basic, temple_statues, minmay_holes
D:6:      layout_cave_pools, pdpol_wu_jian_five_deadly_venoms,
          minmay_quadrilaterals
Temple:   nicolae_temple_slightly_damp_pantheon

Skill      XL: |  1  2  3  4  5  6  7  8 |
---------------+-------------------------+-----
Conjurations   | 2 3 4 5 |  5.5
Translocations | 1 3 4 5 |  5.0
Fire Magic     | 4 5 6 |  6.3
Invocations    | 1 2 |  2.9
Spellcasting   | 3 |  3.1
Dodging        | |  1.7
Stealth        | |  1.7

Action                     |  1- 3 |  4- 6 |  7- 9 || total
---------------------------+-------+-------+-------++-------
  Melee: Unarmed           |     4 |       |       ||     4
         Dagger            |     5 |    33 |    46 ||    84
         Tailslap          |     2 |     3 |     6 ||    11
         Punch             |       |     1 |     1 ||     2
   Cast: Foxfire           |    48 |    69 |    58 ||   175
         Scorch            |     1 |    13 |    28 ||    42
 Invoke: Channel Magic     |       |       |     1 ||     1
    Use: Scroll            |       |     9 |     7 ||    16
         Potion            |       |     1 |     4 ||     5
   Stab: Sleeping          |       |     1 |     1 ||     2
 Armour: Skin              |     5 |    18 |    42 ||    65
  Dodge: Dodged            |    22 |    18 |    79 ||   119
